AoeStats
← GoldPhantom

Nomad

507873006Analyzed
2v2 RM · 14d ago on Sep 20, 2026· 52m 11s· 4 players
Game mode
Random Map
Map size
176×176
Population
200
Speed
Normal
Resources
Standard
Victory
Conquest
Starting age
Dark Age
Ending age
Imperial Age
RankedLock teamsTeams togetherTeam positionsShared explorationLock speedFull tech treeHidden civsTurbo modeCheats
Victory
Defeat
🇦🇷 Vietnamese · Argentina
870
+14
🇦🇷 Franks · Argentina
841
+15
🇭🇰 Ethiopians · Hong Kong SAR China
874
-16
🇺🇸 Japanese · United States
774
-25
[LOPDA] NEO
5:33 Loom
14:30 Feudal Age
15:20 Man-at-Arms
16:54 Double-Bit Axe
23:31 Castle Age
22:29 Fletching
24:15 Crossbowman
25:19 Bodkin Arrow
25:36 Forging
27:53 Bow Saw
27:32 Elite Skirmisher
28:12 Long Swordsman
31:30 Gold Mining
33:41 Thumb Ring
33:43 Padded Archer Armor
34:08 Town Watch
37:47 Town Patrol
40:38 Wheelbarrow
40:01 Horse Collar
45:53 Hand Cart
javihiagui
15:30 Feudal Age
20:42 Double-Bit Axe
24:33 Castle Age
24:15 Forging
28:43 Scale Barding Armor
34:16 Bow Saw
34:47 Iron Casting
34:34 Chain Barding Armor
41:33 Gold Mining
41:34 Stone Mining
42:02 Husbandry
41:58 Fishing Lines
49:09 Imperial Age
49:42 #83
49:58 Clinker Construction
51:50 Cavalier
J6X16
13:04 Feudal Age
20:37 Man-at-Arms
GoldPhantom
5:13 Loom
16:09 Feudal Age
16:40 Double-Bit Axe
20:14 Fishing Lines
26:09 Castle Age
24:43 Fletching
25:24 Gold Mining
25:47 Padded Archer Armor
25:39 Horse Collar
26:13 Crossbowman
27:03 Thumb Ring
27:55 Wheelbarrow
28:32 Bodkin Arrow
28:41 Squires
31:20 Bow Saw
31:40 Scale Mail Armor
31:52 Forging
31:39 Gillnets
33:19 Chain Mail Armor
38:42 Hand Cart
39:31 Town Watch
40:52 Iron Casting
48:26 Imperial Age
46:00 Town Patrol
49:52 Conscription
Connection lost

Rejoining the realm…

Still unreachable

The connection could not be restored.

Session expired

The server has moved on; the page needs a fresh start.